 Dungeon Crawl Stone Soup version 0.20.1-1-g8b1a95d (webtiles) character file.

175 Internecine the Vexing (level 5, -1/38 HPs)
             Began as a Merfolk Arcane Marksman on Oct 1, 2017.
             Slain by a scorpion (9 damage)
             ... on level 3 of the Dungeon.
             The game lasted 00:19:11 (2693 turns).

Internecine the Vexing (Merfolk Arcane Marksman)    Turns: 2693, Time: 00:19:11

Health: -1/38      AC:  4    Str:  8 (10) XL:     5   Next: 55%
Magic:  6/6        EV: 12    Int: 15 (16) God:
Gold:   93         SH:  3    Dex: 15 (16) Spells: 3/6 levels left

rFire    + . .     SeeInvis .   a - +0 hand crossbow
rCold    . . .     Gourm    .   t - +0 buckler
rNeg     . . .     Faith    .   B - +0 leather armour
rPois    .         Spirit   .   F - +0 helmet
rElec    .         Reflect  .   (no cloak)
rCorr    .         Harm     .   (no gloves)
MR       .....                  (no boots)
Stlth    +.........             (no amulet)
Regen    0.2/turn               n - ring of protection from fire
MPRegen  0.1/turn               x - +4 ring of intelligence

@: no status effects
A: change form in water, swift swim, stealthy swim
a: no special abilities


You were on level 3 of the Dungeon.
You were not hungry.

You visited 1 branch of the dungeon, and saw 4 of its levels.

You collected 93 gold pieces.

Inventory:

Hand Weapons
 a - a +0 hand crossbow (weapon)
 q - a +0 hunting sling
 y - a +0 dagger
 z - a +0 hunting sling
 I - a +0 long sword
 K - a +0 falchion
Missiles
 b - 131 stones
 d - 7 bolts (quivered)
 i - 70 arrows
 o - 37 poisoned needles
 r - 6 curare-tipped needles
 s - 40 sling bullets
 P - 5 tomahawks
Armour
 e - a +0 robe
 t - a +0 buckler (worn)
 w - a +0 scale mail
 B - a +0 leather armour (worn)
 F - a +0 helmet (worn)
 G - a +0 chain mail
 J - a +0 ring mail
 L - a +0 leather armour
 M - a +0 helmet
 O - a +0 ring mail
 R - a +0 scale mail
Jewellery
 n - a ring of protection from fire (left hand)
 x - a +4 ring of intelligence (right hand)
Scrolls
 g - 4 scrolls of identify {unknown}
 h - 2 scrolls of teleportation {unknown}
 l - a scroll of remove curse {unknown}
 m - a scroll of blinking {unknown}
 p - a scroll of fear {unknown}
 A - a scroll of magic mapping {unknown}
 E - 2 scrolls of fog {unknown}
 H - a scroll of amnesia {unknown}
 N - a scroll of enchant weapon {unknown}
Potions
 k - a potion of degeneration
 u - a potion of flight {unknown}
 v - a potion of curing
 C - a potion of cancellation {unknown}
Books
 c - a book of Debilitation

   Spells                             Type                      Level
   a - Corona                         Hexes                        1
   b - Slow                           Hexes                        2
   c - Inner Flame                    Hexes/Fire                   3
   d - Portal Projectile              Hexes/Translocation          3
   e - Cause Fear                     Hexes                        4
   f - Leda's Liquefaction            Hexes/Earth                  4
Comestibles
 f - 2 bread rations
 j - a fruit
 D - a chunk of flesh
 Q - a royal jelly


   Skills:
 + Level 2.2 Fighting
 + Level 3.2 Crossbows
 + Level 0.3 Armour
 + Level 3.4 Dodging
 + Level 0.5 Stealth
 + Level 0.2 Shields
 + Level 1.0 Spellcasting
 + Level 3.9 Hexes


You had 3 spell levels left.
You knew the following spells:

 Your Spells              Type           Power        Failure   Level  Hunger
a - Corona                Hex            ##.....      12%         1    ##.....
b - Slow                  Hex            ##......     17%         2    ###....


Dungeon Overview and Level Annotations

Branches:
Dungeon (4/15)
 Temple: D:4-7

Altars:
Sif Muna


Message History

* * * LOW HITPOINT WARNING * * *
You feel sick.
The scorpion stings you but does no damage.
The scorpion stings you.
* * * LOW HITPOINT WARNING * * *
It was a potion of degeneration.
There was something very wrong with that liquid.
You feel weakened.
You feel dopey.
You feel clumsy.
* * * LOW HITPOINT WARNING * * *
You feel sick. The scorpion closely misses you.
It was a potion of curing.
You feel better. The scorpion stings you.
* * * LOW HITPOINT WARNING * * *
You block the orc wizard's attack.
Firing (i - inventory. (,) - cycle):
d - 8 bolts (quivered)
Press: ? - help, Shift-Dir - straight line, f/p - orc wizard
Aim: an orc wizard, wielding a dagger and wearing a robe (moderately wounded, softly glowing)
You shoot a bolt. The bolt hits the orc wizard.
The orc wizard is severely wounded.
The orc wizard stops glowing.
The scorpion stings you!
You die...

#...# #.##.# ##.####.# #. #...#
#.# ..###.#####.### ## #...#
##.####.#..........# #
####...####.....#...##.......# #
.....................#.......# #
..................#..........# ##
.............................###.
####...###)....s.#...........##.#
#...# #.##..o@............#.##
#...# #.####(.....##########.#
#...# #....(.##.### ##.
####...###########.####### ##
.........#.......#.......# #
...##..#.#.#####.#..####.#
...##..#.#.#####.#..####.########
.......#......##.#..รท.##.##......
....##.#.#.##.##.##[#.......#####


You could see a scorpion and an orc wizard.

Vanquished Creatures
  2 orc priests (D:3)
  5 adders
  An ooze (D:2)
  2 worms (D:2)
  2 leopard geckos
  4 orcs (D:3)
  A giant cockroach (D:1)
  5 goblins
  5 hobgoblins
  8 jackals (D:3)
  3 kobolds
  A quokka (D:2)
  A ball python (D:2)
  9 bats
  4 frilled lizards
  4 rats
57 creatures vanquished.

Notes
Turn   | Place    | Note
-------+----------+-------------------------------------------
     0 | D:1      | Internecine the Merfolk Arcane Marksman began the quest for the Orb.
     0 | D:1      | Reached XP level 1. HP: 15/15 MP: 2/2
   152 | D:1      | Reached XP level 2. HP: 10/21 MP: 3/3
   934 | D:2      | Reached XP level 3. HP: 22/26 MP: 4/4
  1157 | D:2      | Found a deep blue altar of Sif Muna.
  1561 | D:2      | Reached XP level 4. HP: 24/32 MP: 5/5
  2250 | D:3      | Reached XP level 5. HP: 38/38 MP: 6/6
  2295 | D:3      | Learned a level 2 spell: Slow
  2693 | D:3      | Slain by a scorpion

Skill      XL: |  1  2  3  4  5 |
---------------+----------------+-----
Crossbows      | 2 3 |  3.2
Dodging        | 3 |  3.4
Fighting       | 2 |  2.2
Armour         | |  0.3
Stealth        | |  0.5
Shields        | |  0.2
Spellcasting   | |  1.0
Hexes          | |  3.9

Action                   |  1- 3 |  4- 6 || total
-------------------------+-------+-------++-------
 Fire: Hand crossbow     |    78 |    78 ||   156
 Cast: Corona            |       |     7 ||     7
  Use: Potion            |       |     2 ||     2
  Eat: Fruit             |     1 |       ||     1
       Chunk             |       |     5 ||     5
Armor: Robe              |    13 |     1 ||    14
       Leather armour    |       |    16 ||    16
Dodge: Dodged            |    32 |    57 ||    89
Block: Buckler           |     2 |    11 ||    13
